AoeStats
← MaxiMoO

Arabia

510175354Analyzed
1v1 RM · 1d ago on Sep 29, 2026· 15m 10s· 2 players
Game mode
Random Map
Map size
Tiny (2 player)
Population
200
Speed
Normal
Resources
Standard
Victory
Conquest
Starting age
Dark Age
Ending age
Imperial Age
RankedLock teamsTeams togetherTeam positionsShared explorationLock speedFull tech treeHidden civsTurbo modeCheats
Victory
Defeat
🇦🇷 Cumans · Argentina
1277
+18
🇲🇽 Koreans · Mexico
1317
-18
MaxiMoO
6:12 Loom
6:42 Loom
9:16 Feudal Age
15:27 Horse Collar
CrisMAT9
7:00 Loom
10:22 Feudal Age
10:26 Man-at-Arms
10:51 Double-Bit Axe
Connection lost

Rejoining the realm…

Still unreachable

The connection could not be restored.

Session expired

The server has moved on; the page needs a fresh start.